[Event "Titled Tuesday Blitz January 03 Early 2023"]
[White "Molina, Roberto Junio Brito"]
[Black "Ibarra Jerez, Jose Carlos"]
[WhiteFideId "2109450"]
[BlackFideId "2226332"]
[WhiteElo "2403"]
[BlackElo "2563"]
[Result "1/2-1/2"]
[Round "06"]
[TimeControl "180+2"]
[Date "2023.01.03"]
[WhiteClock "0:00:06"]
[BlackClock "0:00:05"]

1. d4 Nf6 2. c4 d6 3. Nf3 g6 4. Nc3 Bf5 5. g3 Ne4 6. Nxe4 Bxe4 7. Bg2 Bg7 8. O-O O-O 9. Be3 c5 10. Qd2 Qb6 11. dxc5 dxc5 12. Bh6 Nc6 13. Bxg7 Kxg7 14. Qc3+ Kg8 15. Rad1 Rad8 16. Ne5 Nd4 17. Rd2 Qe6 18. f4 Bxg2 19. Kxg2 f6 20. Nf3 Nxe2 21. Re1 Nxc3 22. Rxe6 Rxd2+ 23. Nxd2 Kf7 24. Re3 Rd8 25. Nb3 Nxa2 26. Nxc5 Rd2+ 27. Kf3 Rxb2 28. Rd3 b6 29. Ne4 Ke8 30. c5 f5 31. Ng5 bxc5 32. Ne6 c4 33. Rd8+ Kf7 34. Ng5+ Kg7 35. Rd7 Rb3+ 36. Kf2 Kf6 37. Rxa7 Nc3 38. Nxh7+ Ke6 39. Nf8+ Kf7 40. Nd7 Ne4+ 41. Ke2 Rb2+ 42. Ke3 Ke6 43. Ne5 g5 44. Nxc4 Rxh2 45. fxg5 Rg2 46. Kf4 Rf2+ 47. Ke3 Rg2 48. Kf4 Rf2+ 49. Ke3 Rc2 50. Ra6+ Kd5 51. Nb6+ Kc5 52. Nd7+ Kb5 53. Rb6+ Ka5 54. Re6 Nxg5 55. Rxe7 Rc3+ 56. Kf4 Ne4 57. Re5+ Kb4 58. g4 Nf2 59. Rxf5 Rc4+ 60. Kf3 Nxg4 61. Nb6 Nh6 62. Rh5 Rc3+ 63. Ke4 Rc6 64. Nd5+ Kb3 65. Ne7 Re6+ 66. Kd5 Rxe7 67. Rxh6 Rd7+ 68. Rd6 Rxd6+ 69. Kxd6 1/2-1/2


[Site "https://www.chess.com"]

[Event "Titled Tuesday Blitz January 03 Early 2023"]
[White "Khoroshev, Nikita"]
[Black "Xu, Yi"]
[WhiteFideId "14200287"]
[BlackFideId "8605564"]
[WhiteElo "2336"]
[BlackElo "2527"]
[Result "1/2-1/2"]
[Round "06"]
[TimeControl "180+2"]
[Date "2023.01.03"]
[WhiteClock "0:00:12"]
[BlackClock "0:00:03"]

1. e4 c5 2. c3 Nf6 3. e5 Nd5 4. d4 cxd4 5. Nf3 Nc6 6. Bc4 Nb6 7. Bb3 d6 8. exd6 Qxd6 9. cxd4 Be6 10. O-O Bxb3 11. Qxb3 e6 12. Rd1 Be7 13. Nc3 O-O 14. a4 Qb4 15. Qa2 Na5 16. Bd2 Qb3 17. Nb5 Qxa2 18. Rxa2 Nac4 19. Be1 Nd5 20. b3 Nd6 21. Rc1 Nxb5 22. axb5 a6 23. Rca1 Rab8 24. bxa6 bxa6 25. Rb1 Rb6 26. Ba5 Rb5 27. Bd2 Rfb8 28. Rxa6 Rxb3 29. Rxb3 Rxb3 30. Ra8+ Bf8 31. h3 f6 32. Ra7 Be7 33. Kf1 Kf7 34. Ke2 h5 35. Ne1 g5 36. Nd3 Kg6 37. Ra6 Kf7 38. f3 h4 39. Nc5 Rb2 40. Kd3 Rb6 41. Rxb6 Nxb6 42. Nb3 Nd5 43. Na5 Bb4 44. Nc4 Bxd2 45. Kxd2 Nf4 46. Ne3 Ke7 47. Kc3 f5 48. Kc4 g4 49. fxg4 fxg4 50. Nxg4 Nxg2 51. Nf2 Nf4 52. Kc3 Kd6 53. Kd2 Kd5 54. Ke3 e5 55. dxe5 Nxh3 56. Nxh3 Kxe5 57. Nf4 h3 58. Nxh3 1/2-1/2


[Site "https://www.chess.com"]

[Event "Titled Tuesday Blitz January 03 Early 2023"]
[White "Grigoriants, Sergey"]
[Black "Khumalo, Keith"]
[WhiteFideId "4130804"]
[BlackFideId "14319470"]
[WhiteElo "2562"]
[BlackElo "2099"]
[Result "1-0"]
[Round "06"]
[TimeControl "180+2"]
[Date "2023.01.03"]
[WhiteClock "0:00:23"]
[BlackClock "0:00:12"]

1. c4 Nf6 2. Nc3 g6 3. e4 d6 4. d4 Bg7 5. h3 O-O 6. Be3 c5 7. d5 Qa5 8. Qd2 e6 9. Bd3 exd5 10. exd5 Re8 11. Nge2 Nbd7 12. f4 a6 13. O-O Qc7 14. Ng3 Rb8 15. Kh2 b5 16. cxb5 c4 17. b6 Nxb6 18. Be2 Bd7 19. Bf3 Na4 20. Nxa4 Bxa4 21. Bd4 Bb5 22. Rf2 h5 23. Qc3 Qd8 24. f5 h4 25. Nf1 gxf5 26. Ne3 Ne4 27. Bxe4 Bxd4 28. Qxd4 Rxe4 29. Qc3 Qg5 30. Nxf5 Re5 31. Nxd6 Qg3+ 32. Qxg3+ hxg3+ 33. Kxg3 Rxd5 34. Ne4 Kg7 35. Raf1 Rb7 36. Nc3 Rd3+ 37. Kh2 Bc6 38. Re1 Kg6 39. Ree2 a5 40. Rf4 Rb4 41. a3 Rb7 42. Ref2 Re7 43. Rf6+ Kg7 44. Rxc6 Ree3 45. Rxc4 1-0


[Site "https://www.chess.com"]

[Event "Titled Tuesday Blitz January 03 Early 2023"]
[White "Zierk, Steven"]
[Black "Sadykov, Ramil"]
[WhiteFideId "2034255"]
[BlackFideId "24113590"]
[WhiteElo "2488"]
[BlackElo "2345"]
[Result "1-0"]
[Round "06"]
[TimeControl "180+2"]
[Date "2023.01.03"]
[WhiteClock "0:00:10"]
[BlackClock "0:00:01"]

1. e4 c5 2. Nf3 e6 3. d4 cxd4 4. Nxd4 Nf6 5. Nc3 Nc6 6. Ndb5 Bb4 7. a3 Bxc3+ 8. Nxc3 d5 9. exd5 exd5 10. Bd3 O-O 11. O-O Bg4 12. f3 Bh5 13. Bg5 Qb6+ 14. Kh1 Ne4 15. Nxe4 dxe4 16. Bxe4 Qxb2 17. Rb1 Qxa3 18. Rxb7 Qa6 19. Rc7 Rac8 20. Rxc8 Rxc8 21. Bf5 Rf8 22. Re1 Bg6 23. Bd7 Qc4 24. Qd6 Qb4 25. Rd1 Qxd6 26. Rxd6 Ne5 27. Ba4 Rc8 28. Bf4 Nc4 29. Rd4 h6 30. h4 Nb6 31. Bb5 Bxc2 32. Kh2 Bf5 33. g4 Be6 34. Kg3 a5 35. h5 Bc4 36. Bxc4 Rxc4 37. Rd6 Rb4 38. Bd2 Rb5 39. Rd8+ Kh7 40. Rb8 Rb2 41. Bc3 Rb3 42. Bxa5 Rb5 43. Bxb6 1-0


[Site "https://www.chess.com"]

[Event "Titled Tuesday Blitz January 03 Early 2023"]
[White "Koutlas, Nikolaos"]
[Black "Ohanyan, Emin"]
[WhiteFideId "25827138"]
[BlackFideId "13312022"]
[WhiteElo "2341"]
[BlackElo "2444"]
[Result "1-0"]
[Round "06"]
[TimeControl "180+2"]
[Date "2023.01.03"]
[WhiteClock "0:00:13"]
[BlackClock "0:00:06"]

1. c4 e5 2. d3 Nf6 3. Nf3 Nc6 4. g3 d5 5. cxd5 Nxd5 6. Bg2 Be7 7. O-O Be6 8. b3 O-O 9. Bb2 f6 10. Nbd2 a5 11. d4 exd4 12. Nxd4 Nxd4 13. Bxd4 c6 14. Nc4 b5 15. Ne3 Qd7 16. Rc1 Rac8 17. Nxd5 Bxd5 18. Bb6 Bb4 19. Bc5 Be6 20. Qxd7 Bxd7 21. Bxf8 Kxf8 22. Rfd1 Be8 23. Be4 h6 24. Rc2 Ke7 25. Rd3 c5 26. Bd5 Bg6 27. e4 Rd8 28. f3 c4 29. bxc4 Bc5+ 30. Kf1 b4 31. Ke2 a4 32. Bc6 Rxd3 33. Kxd3 a3 34. Rd2 Kd6 35. Bb5 f5 36. Kc2+ Ke7 37. Rd5 fxe4 38. Rxc5 exf3+ 39. Kd2 Bb1 40. Bc6 Bxa2 41. Bxf3 b3 42. Be4 b2 43. Ra5 b1=Q 44. Bxb1 Bxb1 45. Rxa3 Kd6 46. Kc3 Ke5 47. Ra7 g5 48. c5 Kd5 49. Kb4 Be4 50. Re7 Bg2 51. Rh7 Ke5 52. Rxh6 Kf5 53. c6 Kg4 54. c7 Bb7 55. Rb6 Bc8 56. Rb8 Be6 57. c8=Q Bxc8 58. Rxc8 Kh3 59. Rg8 Kxh2 60. Rxg5 1-0


[Site "https://www.chess.com"]

[Event "Titled Tuesday Blitz January 03 Early 2023"]
[White "Al-Tarboush, Ward"]
[Black "Suleymanli, Suleyman"]
[WhiteFideId "7601450"]
[BlackFideId "13416375"]
[WhiteElo "2256"]
[BlackElo "2269"]
[Result "1-0"]
[Round "06"]
[TimeControl "180+2"]
[Date "2023.01.03"]
[WhiteClock "0:00:39"]
[BlackClock "0:00:07"]

1. e4 e6 2. d4 d5 3. exd5 exd5 4. Bd3 Nc6 5. Nf3 Bg4 6. c3 Bd6 7. O-O Nge7 8. Nbd2 Qd7 9. Re1 O-O 10. Nf1 Ng6 11. Ne3 Bh5 12. Bf5 Qd8 13. g4 Nf4 14. gxh5 g6 15. Bc2 Qd7 16. Ng2 Nh3+ 17. Kf1 Rfe8 18. Be3 Qg4 19. Nfh4 Qd7 20. Qf3 Bxh2 21. Nf5 Ng1 22. Nh6+ Kg7 23. Qg4 Qxg4 24. Nxg4 Nf3 25. Nxh2 Nxh2+ 26. Ke2 Ng4 27. hxg6 hxg6 28. Rh1 f5 29. Nf4 Rad8 30. Rag1 Rd6 31. Kd2 Na5 32. b3 Ra6 33. Nxd5 Nc6 34. Nxc7 Rxe3 35. fxe3 Ra5 36. Ne8+ Kf7 37. Nd6+ Kf6 38. Nxb7 Rb5 39. Nc5 Ne7 40. e4 Rb8 41. Rh7 Rd8 42. Rxg4 fxg4 43. e5+ Kg5 44. Ne6# 1-0


[Site "https://www.chess.com"]

[Event "Titled Tuesday Blitz January 03 Early 2023"]
[White "Deac, Bogdan-Daniel"]
[Black "Hnydiuk, Aleksander"]
[WhiteFideId "1226380"]
[BlackFideId "1109057"]
[WhiteElo "2700"]
[BlackElo "2363"]
[Result "1-0"]
[Round "06"]
[TimeControl "180+2"]
[Date "2023.01.03"]
[WhiteClock "0:00:56"]
[BlackClock "0:00:02"]

1. b3 d5 2. Bb2 Bf5 3. e3 e6 4. c4 Nf6 5. cxd5 exd5 6. Qf3 Bg6 7. Bxf6 gxf6 8. Nc3 c6 9. a3 Nd7 10. Qd1 a5 11. Nf3 Bd6 12. d4 Qe7 13. Qc1 f5 14. Be2 Nf6 15. g3 Ne4 16. Nxe4 fxe4 17. Nh4 Qg5 18. O-O Bh5 19. Qd1 Bxe2 20. Qxe2 O-O 21. f4 Qf6 22. Qh5 Kh8 23. g4 Rg8 24. Kh1 Qe6 25. Nf5 Bf8 26. Rg1 Rg6 27. Rg3 b5 28. a4 c5 29. axb5 c4 30. bxc4 dxc4 31. Rgg1 a4 32. Rgd1 Qd5 33. b6 a3 34. Rdc1 Rxb6 35. Qh4 a2 36. Qf2 Rba6 37. Rc2 1-0


[Site "https://www.chess.com"]

[Event "Titled Tuesday Blitz January 03 Early 2023"]
[White "Harshavardhan G B"]
[Black "Lazavik, Denis"]
[WhiteFideId "25059009"]
[BlackFideId "13515110"]
[WhiteElo "2408"]
[BlackElo "2544"]
[Result "1-0"]
[Round "06"]
[TimeControl "180+2"]
[Date "2023.01.03"]
[WhiteClock "0:00:12"]
[BlackClock "0:00:05"]

1. e4 c5 2. Nf3 e6 3. d4 cxd4 4. Nxd4 Nc6 5. Nc3 Qc7 6. Be3 a6 7. Qd2 Nf6 8. O-O-O Be7 9. f3 b5 10. Kb1 Nxd4 11. Bxd4 Bb7 12. g4 O-O 13. h4 b4 14. Ne2 e5 15. Be3 d5 16. g5 Nh5 17. exd5 Rfd8 18. c4 bxc3 19. Nxc3 Bb4 20. Rc1 Ng3 21. Rg1 Nxf1 22. Rgxf1 Qa5 23. a3 Bxc3 24. Qxc3 Qxd5 25. f4 Qe4+ 26. Ka1 Rd3 27. Qc7 Rxe3 28. fxe5 Rf8 29. e6 fxe6 30. Rxf8+ Kxf8 31. g6 Rxa3+ 32. bxa3 Qd4+ 33. Rc3 Qd1+ 34. Kb2 Qd2+ 35. Rc2 Qd4+ 36. Kc1 Qa1+ 37. Kd2 Qd4+ 38. Ke2 Qe4+ 39. Kd1 Qd4+ 40. Ke2 Qe4+ 41. Kf1 Qh1+ 42. Kf2 Qg2+ 43. Ke1 Qe4+ 44. Re2 Qh1+ 45. Kd2 Qd5+ 46. Kc1 hxg6 47. Rf2+ Kg8 48. Rd2 Qc6+ 49. Qxc6 Bxc6 50. Rd6 Bb5 51. Rxe6 Kh7 52. Re5 Kh6 53. Rg5 Bf1 54. Kd2 Bb5 55. Kc3 Bf1 56. Kb4 Be2 57. Ka5 Bf1 58. Kb6 Be2 59. a4 Bf1 60. a5 Be2 61. Kb7 Bf1 62. Rc5 Be2 63. Ka7 Bf1 64. Rc6 Kh5 65. Rxa6 g5 66. hxg5 Kxg5 67. Rd6 Kf5 68. Rd7 Kf6 69. Rd5 g5 70. a6 Kg6 71. Kb6 Bg2 72. Rd6+ Kh5 73. Rc6 Kh4 74. a7 Bxc6 75. Kxc6 g4 1-0


[Site "https://www.chess.com"]

[Event "Titled Tuesday Blitz January 03 Early 2023"]
[White "Dragnev, Valentin"]
[Black "Dominguez Perez, Leinier"]
[WhiteFideId "1634852"]
[BlackFideId "3503240"]
[WhiteElo "2593"]
[BlackElo "2739"]
[Result "0-1"]
[Round "06"]
[TimeControl "180+2"]
[Date "2023.01.03"]
[WhiteClock "0:00:01"]
[BlackClock "0:00:15"]

1. e4 c5 2. Nc3 d6 3. Bb5+ Nd7 4. d4 cxd4 5. Qxd4 a6 6. Bxd7+ Bxd7 7. Nge2 Rc8 8. Bg5 h6 9. Bh4 e5 10. Qd5 Qxh4 11. Qxb7 Nf6 12. Qxa6 Be7 13. Qd3 O-O 14. a4 Be6 15. a5 Bc4 16. Qf3 d5 17. exd5 e4 18. Qf5 g6 19. Qe5 Qxf2+ 20. Kxf2 Ng4+ 21. Kg3 Nxe5 22. Nf4 f5 23. a6 Bd6 24. a7 g5 25. b3 gxf4+ 26. Kh4 Be7+ 27. Kh5 Kh7 28. bxc4 Rg8 29. Ra6 Rg5+ 30. Kh4 Rcg8 31. g4 Rxg4+ 32. Kh3 Rh4# 0-1


[Site "https://www.chess.com"]

[Event "Titled Tuesday Blitz January 03 Early 2023"]
[White "Dourerassou, Jonathan"]
[Black "Bachmann, Axel"]
[WhiteFideId "628050"]
[BlackFideId "3700488"]
[WhiteElo "2414"]
[BlackElo "2604"]
[Result "1-0"]
[Round "06"]
[TimeControl "180+2"]
[Date "2023.01.03"]
[WhiteClock "0:02:03"]
[BlackClock "0:02:01"]

1. d4 Nf6 2. Bg5 d5 3. Bxf6 gxf6 4. e3 c5 5. Nf3 Nc6 6. Nbd2 e5 7. dxe5 fxe5 8. Bb5 e4 9. Ne5 Qb6 10. Bxc6+ bxc6 11. Qh5 Be6 12. Nxf7 Kd7 13. Nxh8 Qxb2 14. Qxh7+ Be7 15. Rb1 1-0


[Site "https://www.chess.com"]

[Event "Titled Tuesday Blitz January 03 Early 2023"]
[White "Williams, Simon K"]
[Black "Timofeev, Artyom"]
[WhiteFideId "404454"]
[BlackFideId "4140419"]
[WhiteElo "2465"]
[BlackElo "2567"]
[Result "0-1"]
[Round "06"]
[TimeControl "180+2"]
[Date "2023.01.03"]
[WhiteClock "0:00:13"]
[BlackClock "0:01:12"]

1. d4 d5 2. c4 e6 3. Nc3 c6 4. Nf3 dxc4 5. e4 b5 6. Bg5 Be7 7. Bxe7 Nxe7 8. Be2 Bb7 9. O-O O-O 10. a4 a6 11. Qc2 Nd7 12. e5 c5 13. axb5 cxd4 14. Nxd4 Nxe5 15. Rfd1 Qc7 16. Qd2 N7g6 17. Qe3 h6 18. Rac1 Qe7 19. g3 axb5 20. Ndxb5 Rfd8 21. h4 Qf6 22. f4 Nd3 23. Bxd3 cxd3 24. Rxd3 e5 25. Rxd8+ Rxd8 26. Ne4 Bxe4 27. Qxe4 exf4 28. h5 fxg3 29. Rf1 Qxb2 30. Qg2 Qxb5 31. hxg6 Qc5+ 32. Kh1 Qh5+ 33. Kg1 Qh2+ 34. Qxh2 gxh2+ 0-1


[Site "https://www.chess.com"]

[Event "Titled Tuesday Blitz January 03 Early 2023"]
[White "Kamsky, Gata"]
[Black "Bashirli, Nail"]
[WhiteFideId "2000024"]
[BlackFideId "13406809"]
[WhiteElo "2665"]
[BlackElo "2326"]
[Result "1-0"]
[Round "06"]
[TimeControl "180+2"]
[Date "2023.01.03"]
[WhiteClock "0:01:06"]
[BlackClock "0:00:16"]

1. e4 Nf6 2. e5 Nd5 3. d4 Nb6 4. Nf3 d6 5. exd6 cxd6 6. h3 g6 7. c4 Bg7 8. Be2 O-O 9. O-O Bf5 10. Nc3 Nc6 11. Bg5 h6 12. Bh4 g5 13. Bg3 Rc8 14. Rc1 Bg6 15. d5 Ne5 16. Nxe5 dxe5 17. b3 f5 18. f3 Nd7 19. Bf2 a6 20. b4 Nf6 21. c5 h5 22. c6 b5 23. a4 g4 24. fxg4 hxg4 25. hxg4 f4 26. g5 Nh7 27. Bd3 Qe8 28. axb5 axb5 29. Nxb5 Nxg5 30. d6 Bxd3 31. Qxd3 e4 32. Qd5+ e6 33. Qxg5 Rf5 34. d7 Rxg5 35. dxe8=Q+ Rxe8 36. Nd6 1-0


[Site "https://www.chess.com"]

[Event "Titled Tuesday Blitz January 03 Early 2023"]
[White "Sychev, Klementy"]
[Black "Drozdowski, Kacper"]
[WhiteFideId "4114060"]
[BlackFideId "1136720"]
[WhiteElo "2547"]
[BlackElo "2448"]
[Result "1-0"]
[Round "06"]
[TimeControl "180+2"]
[Date "2023.01.03"]
[WhiteClock "0:00:22"]
[BlackClock "0:00:12"]

1. e4 c5 2. Nf3 e6 3. d4 cxd4 4. Nxd4 a6 5. Bd3 Nf6 6. O-O d6 7. c4 Nbd7 8. Nc3 g6 9. Be2 Bg7 10. Nf3 Qc7 11. Bf4 Ne5 12. Rc1 Nfg4 13. Nd4 Nf6 14. Ndb5 axb5 15. Nxb5 Qc5 16. Qxd6 Qxd6 17. Nxd6+ Ke7 18. Bxe5 Rxa2 19. c5 Rd8 20. Nxc8+ Rxc8 21. Bd6+ Kd8 22. Rfd1 Nd7 23. Bb5 Bxb2 24. Rc2 Ra1 25. Rxa1 Bxa1 26. Rd2 Bc3 27. Rd3 Bb4 28. Bf4 Rxc5 29. Bxd7 e5 30. Be3 Rc3 31. Rxc3 Bxc3 32. Bb5 Ke7 33. Kf1 Kd6 34. Ke2 f5 35. f3 Ba5 36. Kd3 Bd8 37. Kc4 b6 38. Ba6 Kc6 39. Bb5+ Kd6 40. Bd2 Ke6 41. Bc6 Kd6 42. Bd5 fxe4 43. fxe4 Bf6 44. Bb4+ Kd7 45. Bg8 h6 46. Kd5 Bg7 47. Bd6 b5 48. Be6+ Ke8 49. Bxe5 Bf8 50. Bd6 Bg7 51. e5 h5 52. Kd4 h4 53. h3 g5 54. Ke4 Bf8 55. Bxf8 Kxf8 56. Kf5 Ke7 57. Bb3 1-0


[Site "https://www.chess.com"]

[Event "Titled Tuesday Blitz January 03 Early 2023"]
[White "Salimova, Nurgyul"]
[Black "Indjic, Aleksandar"]
[WhiteFideId "2915138"]
[BlackFideId "911925"]
[WhiteElo "2391"]
[BlackElo "2618"]
[Result "0-1"]
[Round "06"]
[TimeControl "180+2"]
[Date "2023.01.03"]
[WhiteClock "0:00:02"]
[BlackClock "0:01:06"]

1. d4 Nf6 2. Nf3 e6 3. Bg5 h6 4. Bh4 d6 5. Nbd2 g5 6. Bg3 Nh5 7. e3 Nd7 8. c3 Bg7 9. Nc4 Qe7 10. Nfd2 Nxg3 11. hxg3 d5 12. Na3 c5 13. Be2 a6 14. Nc2 b6 15. a4 Bb7 16. g4 f5 17. gxf5 exf5 18. Bh5+ Kd8 19. a5 b5 20. dxc5 Nxc5 21. Be2 Kc7 22. Nd4 Rhf8 23. Qc2 f4 24. exf4 Rxf4 25. O-O Raf8 26. Rae1 Ne4 27. Nxe4 dxe4 28. Bd1 Kb8 29. Ne2 Rh4 30. Ng3 Be5 31. Re3 Bf4 32. Rfe1 Bxe3 33. Rxe3 Qc5 34. b4 Qe5 35. c4 bxc4 36. Qxc4 Rhf4 0-1


[Site "https://www.chess.com"]

[Event "Titled Tuesday Blitz January 03 Early 2023"]
[White "Agasarov, Benik"]
[Black "Oliveira, Silvio Eduardo"]
[WhiteFideId "13314823"]
[BlackFideId "2111560"]
[WhiteElo "2235"]
[BlackElo "2297"]
[Result "0-1"]
[Round "06"]
[TimeControl "180+2"]
[Date "2023.01.03"]
[WhiteClock "0:00:07"]
[BlackClock "0:01:00"]

1. e4 e5 2. Nf3 Nc6 3. Bb5 Nf6 4. O-O Nxe4 5. d4 Nd6 6. dxe5 Nxb5 7. a4 Nbd4 8. Nxd4 d5 9. exd6 Nxd4 10. Qxd4 Qxd6 11. Qe4+ Be7 12. Nc3 c6 13. Bg5 f6 14. Bf4 Qe6 15. Qf3 O-O 16. Rfe1 Qf7 17. Rad1 Re8 18. h3 Bf5 19. Re2 Bb4 20. Rde1 Bxc2 21. h4 Rxe2 22. Rxe2 Bb3 23. Ne4 Bd1 24. Qd3 Bxe2 25. Qxe2 Re8 26. Qc2 Qd5 27. f3 Qd4+ 28. Kh1 Rd8 29. Qb3+ Rd5 30. Kh2 h5 31. Bg3 Kh7 32. Nf2 Be1 33. Qc2+ Kg8 34. Qe2 Bxf2 35. Qe8+ Kh7 36. Bxf2 Qxf2 37. Qe4+ Kh6 38. Qf4+ Kg6 39. Qe4+ Kf7 40. Kh3 Qd4 41. Qh7 Qe5 42. g3 Qf5+ 43. Qxf5 Rxf5 44. f4 Rc5 45. b4 Rc4 46. b5 Rxa4 47. b6 axb6 48. Kg2 Ra3 49. Kh2 b5 50. Kh3 b4 51. f5 Rc3 52. Kg2 b3 53. g4 b2 54. g5 b1=Q 55. g6+ Ke7 56. Kh2 Qb2+ 57. Kg1 Rc1# 0-1


[Site "https://www.chess.com"]

[Event "Titled Tuesday Blitz January 03 Early 2023"]
[White "Tatarinov, Dmitry"]
[Black "Rustemov, Alexander"]
[WhiteFideId "24160067"]
[BlackFideId "4119002"]
[WhiteElo "2310"]
[BlackElo "2525"]
[Result "1-0"]
[Round "06"]
[TimeControl "180+2"]
[Date "2023.01.03"]
[WhiteClock "0:00:42"]
[BlackClock "0:00:22"]

1. d4 g6 2. c4 Bg7 3. Nf3 d6 4. g3 e5 5. Nc3 Nc6 6. dxe5 dxe5 7. Qxd8+ Nxd8 8. Bg2 Ne6 9. O-O f5 10. e4 f4 11. b3 c6 12. Ba3 Nh6 13. Rad1 Nf7 14. Rfe1 g5 15. Bh3 Nd4 16. Nxd4 Bxh3 17. Nf5 Bf6 18. f3 h5 19. Na4 g4 20. Nc5 gxf3 21. Nxb7 Bxf5 22. exf5 fxg3 23. hxg3 h4 24. Kf2 hxg3+ 25. Kxf3 Rh2 26. Kxg3 Rxa2 27. Nd6+ Nxd6 28. Bxd6 Rb2 29. Bxe5 Rxb3+ 30. Kg4 Bxe5 31. Rxe5+ Kf8 32. Rh1 Kg7 33. Re7+ Kf6 34. Re6+ Kf7 35. Rh7+ Kg8 36. Rc7 a5 37. Rg6+ Kh8 38. Rcxc6 a4 39. Rh6+ Kg7 40. Rcg6+ Kf7 41. Rh7+ Kf8 42. Rh8+ Kf7 43. Rxa8 Rb4 44. Kg5 Rxc4 45. Ra7+ Kf8 46. Rb6 1-0


[Site "https://www.chess.com"]

[Event "Titled Tuesday Blitz January 03 Early 2023"]
[White "Harsh Suresh"]
[Black "Leiva, Gianmarco"]
[WhiteFideId "45018464"]
[BlackFideId "3804399"]
[WhiteElo "2298"]
[BlackElo "2392"]
[Result "1-0"]
[Round "06"]
[TimeControl "180+2"]
[Date "2023.01.03"]
[WhiteClock "0:00:10"]
[BlackClock "0:00:36"]

1. e4 c5 2. Nc3 Nc6 3. Bb5 e6 4. Bxc6 bxc6 5. d3 Ne7 6. f4 Ng6 7. Nf3 Be7 8. g3 O-O 9. f5 exf5 10. exf5 Nh8 11. O-O f6 12. Bf4 Nf7 13. Qd2 d5 14. g4 Bd6 15. Rae1 Rb8 16. b3 Qa5 17. Bxd6 Nxd6 18. Na4 Rb4 19. h3 h5 20. a3 Rxa4 21. bxa4 Qxa4 22. Qg2 hxg4 23. hxg4 c4 24. Qg3 cxd3 25. Qxd6 Qxg4+ 26. Kf2 Bxf5 27. Rg1 Qc4 28. cxd3 Bxd3 29. Qe6+ Rf7 30. Qe8+ Rf8 31. Rxg7+ Kxg7 32. Rg1+ Kh7 33. Qh5# 1-0


[Site "https://www.chess.com"]

[Event "Titled Tuesday Blitz January 03 Early 2023"]
[White "Yuan, Qingyu"]
[Black "Shuvalova, Polina"]
[WhiteFideId "8609772"]
[BlackFideId "24171760"]
[WhiteElo "2373"]
[BlackElo "2484"]
[Result "1-0"]
[Round "06"]
[TimeControl "180+2"]
[Date "2023.01.03"]
[WhiteClock "0:00:11"]
[BlackClock "0:00:05"]

1. e4 e5 2. Nf3 Nc6 3. Bb5 a6 4. Ba4 Nf6 5. d3 d6 6. c3 Be7 7. O-O O-O 8. Re1 Re8 9. Nbd2 Bf8 10. Nf1 h6 11. Ng3 Rb8 12. h3 a5 13. Bb5 Bd7 14. d4 exd4 15. cxd4 d5 16. e5 Ne4 17. Nxe4 dxe4 18. Rxe4 Nxe5 19. Rxe5 Rxe5 20. Bxd7 Re7 21. Ba4 b5 22. Bc2 Rd7 23. Be3 c5 24. Ne5 Rd6 25. Qf3 Rf6 26. Qe4 g6 27. Nc6 Rxc6 28. Qxc6 cxd4 29. Bf4 Rc8 30. Qe4 Bg7 31. Bd3 b4 32. Rd1 Qd7 33. Qe2 Re8 34. Qd2 h5 35. Bc4 Rc8 36. b3 Rc5 37. Qd3 Rc8 38. Re1 Rd8 39. Bd2 Qd6 40. Re2 Qf6 41. g3 Rd7 42. h4 Kh7 43. Bg5 Qc6 44. Re1 Qc5 45. Bf4 Rd8 46. Qe4 Rd7 47. Qd3 Rd8 48. Re4 Rd7 49. Kg2 Qf5 50. Re8 Qc5 51. Re1 Qc6+ 52. Qf3 Qc5 53. Bd3 Qc3 54. Rd1 Qc5 55. Rc1 Qb6 56. Qxh5+ Kg8 57. Qf3 Qf6 58. Rc6 Qe7 59. Rc8+ Kh7 60. h5 f5 61. hxg6+ Kxg6 62. Qg4+ Kf7 63. Qxf5+ Bf6 64. Qh5+ Ke6 65. Bf5+ Kd5 66. Qf3+ 1-0


[Site "https://www.chess.com"]

[Event "Titled Tuesday Blitz January 03 Early 2023"]
[White "Tan, Zhongyi"]
[Black "Bayramov, Zaur"]
[WhiteFideId "8603642"]
[BlackFideId "13405080"]
[WhiteElo "2517"]
[BlackElo "2276"]
[Result "1-0"]
[Round "06"]
[TimeControl "180+2"]
[Date "2023.01.03"]
[WhiteClock "0:00:11"]
[BlackClock "0:00:14"]

1. e4 e5 2. Nf3 Nc6 3. Bc4 Be7 4. d4 exd4 5. Nxd4 d6 6. O-O Nf6 7. Nc3 O-O 8. Re1 Bd7 9. h3 Re8 10. Bf4 Bf8 11. Qd2 g6 12. Rad1 Bg7 13. Nf3 Be6 14. Nd5 Bxd5 15. exd5 Ne7 16. Bb5 Rf8 17. c4 a6 18. Ba4 b5 19. Bb3 Nd7 20. Bg5 Re8 21. Nd4 Bf6 22. cxb5 axb5 23. Nxb5 Bxg5 24. Qxg5 Nc5 25. Bc4 Qd7 26. b4 Na4 27. Rc1 Nb6 28. Nxc7 Qxc7 29. Bb5 Qb7 30. Bxe8 Rxe8 31. Rc6 Nbxd5 32. Rc4 Qa6 33. Rd4 Rb8 34. Rxd5 Nxd5 35. Qxd5 Rxb4 36. Re7 Rf4 37. Qg5 Rf5 38. Re8+ Kg7 39. Qd8 Qxa2 40. Rg8+ Kh6 41. Qh4+ Rh5 42. Qf4+ Rg5 43. h4 1-0


[Site "https://www.chess.com"]

[Event "Titled Tuesday Blitz January 03 Early 2023"]
[White "Borges Feria, Yasel"]
[Black "Filgueira, Hernan"]
[WhiteFideId "3504921"]
[BlackFideId "101770"]
[WhiteElo "2439"]
[BlackElo "2283"]
[Result "1-0"]
[Round "06"]
[TimeControl "180+2"]
[Date "2023.01.03"]
[WhiteClock "0:00:20"]
[BlackClock "0:00:49"]

1. e4 d6 2. d4 Nf6 3. Nc3 c6 4. Bg5 Qa5 5. Qd2 h6 6. Bxf6 exf6 7. f3 Nd7 8. Nge2 Be7 9. Ng3 g6 10. O-O-O h5 11. Kb1 a6 12. h4 Qc7 13. Nge2 b5 14. Nc1 Nb6 15. Re1 b4 16. Nd1 c5 17. Ne3 Bb7 18. Nc4 Kf8 19. Nxb6 Qxb6 20. Bc4 Rc8 21. Rd1 Kg7 22. Nb3 a5 23. dxc5 dxc5 24. Nc1 Rhd8 25. Qe2 Rxd1 26. Rxd1 Rd8 27. Bd5 Ba6 28. Qe3 Qc7 29. f4 c4 30. Qf3 c3 31. b3 a4 32. g3 axb3 33. Bxb3 Rd2 34. e5 Be2 35. exf6+ Bxf6 36. Qxe2 Rxe2 37. Nxe2 Qa7 38. Nc1 Qf2 39. Rd7 Bd4 40. Rxf7+ Kh6 41. Rd7 g5 42. fxg5+ Kg6 43. a4 Be3 44. Nd3 Kf5 45. Ka2 Kg4 46. g6 Bd4 47. g7 Bxg7 48. Rxg7+ Kh3 49. Rg5 Qd2 50. Nxb4 Qc1 51. Nd3 Qe3 52. Rxh5 Qxg3 53. Rc5 Qg1 54. Rxc3 Kxh4 55. Rc4+ Kg5 56. a5 Qa7 57. Ra4 Kf6 58. a6 1-0


[Site "https://www.chess.com"]

[Event "Titled Tuesday Blitz January 03 Early 2023"]
[White "Pakleza, Zbigniew"]
[Black "Arias, Juan Cruz"]
[WhiteFideId "1119290"]
[BlackFideId "118540"]
[WhiteElo "2494"]
[BlackElo "2320"]
[Result "1-0"]
[Round "06"]
[TimeControl "180+2"]
[Date "2023.01.03"]
[WhiteClock "0:00:05"]
[BlackClock "0:00:17"]

1. d4 d5 2. Bf4 Nf6 3. e3 e6 4. Nd2 Bd6 5. Bg3 O-O 6. Ngf3 c5 7. c3 Qc7 8. Be2 Nbd7 9. c4 Bxg3 10. hxg3 dxc4 11. Nxc4 b5 12. Ncd2 Qb6 13. O-O Bb7 14. a4 a6 15. axb5 axb5 16. Qb3 c4 17. Qc2 Rfc8 18. Rxa8 Bxa8 19. Ra1 Bb7 20. e4 e5 21. Nxe5 Qxd4 22. Nxd7 Nxd7 23. Bg4 h5 24. Nf3 Qxe4 25. Qxe4 Bxe4 26. Bxd7 Rc7 27. Bxb5 c3 28. bxc3 Rxc3 29. Ng5 Bb7 30. Ra7 Rc7 31. Ba6 Rc1+ 32. Kh2 Bxa6 33. Rxa6 Rc8 34. Ra7 Rf8 35. Kh3 g6 36. f4 f6 37. Ne4 Kh8 38. Ra5 Kg7 39. f5 gxf5 40. Rxf5 Kg6 41. Rf4 Kg7 42. Nf2 Kg6 43. Kh2 Kg5 44. Rf3 Kg6 45. Nh3 Re8 46. Nf4+ Kg5 47. Rd3 f5 48. Rd6 Rg8 49. Nh3+ Kg4 50. Rd4+ 1-0


[Site "https://www.chess.com"]